 Dungeon Crawl Stone Soup version 0.26-a0-850-g97a50ab700 (webtiles) character file.

Game seed: 1208772508323490603

161 jestyr24 the Firebug (level 5, -12/40 HPs)
             Began as a Draconian Fire Elementalist on Nov 20, 2020.
             Killed by divine providence
             ... invoked by an orc priest
              (13 damage)
             ... on level 3 of the Dungeon.
             The game lasted 00:10:04 (2281 turns).

jestyr24 the Firebug (Draconian Fire Elementalist)  Turns: 2281, Time: 00:10:08

Health: -12/40     AC:  5    Str: 10    XL:     5   Next: 18%
Magic:  0/9        EV: 12    Int: 16    God:
Gold:   142        SH:  0    Dex: 12    Spells: 9/10 levels left

rFire    . . .     SeeInvis .   b - +0 hand axe (curse)
rCold    . . .     Faith    .   (no shield)
rNeg     . . .     Spirit   .   (armour unavailable)
rPois    .         Reflect  .   (helmet restricted)
rElec    .         Harm     .   (no cloak)
rCorr    .         Rampage  .   (no gloves)
MR       .....                  (no boots)
Stlth    ++........             (no amulet)
HPRegen  0.13/turn              (no ring)
MPRegen  0.11/turn              (no ring)

@: brilliant
A: unfitting armour, cold-blooded, AC +5
a: no special abilities


You were on level 3 of the Dungeon.
You visited 1 branch of the dungeon, and saw 3 of its levels.

You collected 142 gold pieces.

Inventory:

Hand Weapons
 b - a cursed +0 hand axe (weapon)
 c - a +0 dagger
 d - a +0 whip
 o - a +2 dagger of speed
Missiles
 i - 31 stones (quivered)
Scrolls
 j - 2 scrolls of enchant armour
 k - a scroll of identify
 l - a scroll of amnesia
Potions
 e - a potion of resistance
 h - a potion of attraction {unknown}


   Skills:
 * Level 1.3 Fighting
 + Level 2.2 Dodging
 * Level 2.2 Stealth
 * Level 3.0 Spellcasting
 * Level 2.2 Conjurations
 * Level 4.0 Fire Magic


You had 9 spell levels left.
You knew the following spells:

 Your Spells              Type           Power        Failure   Level
a - Foxfire               Conj/Fire      ###.         4%          1

Your spell library contained the following spells:

 Spells                   Type           Power        Failure   Level
 Conjure Flame            Conj/Fire      ###.....     16%         3
 Inner Flame              Hex/Fire       ##......     24%         3
 Sticky Flame             Conj/Fire      ###.....     45%         4
 Fireball                 Conj/Fire      ###.......   80%         5


Dungeon Overview and Level Annotations

Branches:
Dungeon (3/15)

Altars:
The Shining One


Innate Abilities, Weirdness & Mutations

Your plain brown scales are hard. (AC +5)
You cannot fit into any form of body armour.
You are cold-blooded and may be slowed by cold attacks.


Message History

The orc priest is healed somewhat.
The orc priest hits you with a +0 hand axe.
* * * LOW HITPOINT WARNING * * *
The orc hits you but does no damage.
You barely miss the orc priest.
The orc priest is almost dead.
You closely miss the orc priest. You hit the orc.
The orc priest hits you but does no damage. x2
The orc hits you but does no damage.
The orc priest hits you with a +0 short sword.
* * * LOW HITPOINT WARNING * * *
Okay, then.
It was a potion of brilliance.
You feel clever all of a sudden. The orc misses you.
The orc priest hits you with a +0 hand axe.
* * * LOW HITPOINT WARNING * * *
The orc priest mumbles some strange prayers to Beogh against you.
Beogh smites you!
You die...

****,,,,,#.#
#.....#..........#
****+*#.####....,#..........#
*.##.......#**#..........#
*..#.)...<.# #..........#
*#.#.......####..........##
#.#.......................
#####.#.......####..........##
#.....#..)).oo# ############
####.....#.....o@########****
.........................,,,*
####)......##.#..........,,,*
..(........##.#..........,,,*
....####...##.###########****
....# #...##.# ##############
....# #...##.# #.............
....#
#.#>##.######...........<.
..###
#.####..........).......).


You could see 2 orc priests and an orc.

Vanquished Creatures
  An orc priest (D:3)
  An orc wizard (D:3)
  3 adders (D:2)
  An ooze (D:3)
  A worm (D:2)
  A leopard gecko (D:1)
  6 orcs (D:3)
  A ball python (D:1)
  A giant cockroach (D:1)
  14 goblins
  4 hobgoblins
  4 jackals (D:1)
  3 quokkas
  5 bats
  A frilled lizard (D:1)
  7 kobolds
  7 rats
61 creatures vanquished.

Vanquished Creatures (others)
  107 foxfires
107 creatures vanquished.

Grand Total: 168 creatures vanquished

Notes
Turn   | Place    | Note
-------+----------+-------------------------------------------
     0 | D:1      | jestyr24 the Draconian Fire Elementalist began the quest
                  | for the Orb.
     0 | D:1      | Reached XP level 1. HP: 14/14 MP: 3/3
   289 | D:1      | Reached XP level 2. HP: 20/20 MP: 3/5
   681 | D:2      | Reached XP level 3. HP: 26/26 MP: 6/6
   958 | D:2      | Found a glowing golden altar of the Shining One.
  1410 | D:2      | Reached XP level 4. HP: 18/34 MP: 7/7
  1811 | D:3      | Reached skill level 1 in Fighting
  2046 | D:3      | Reached skill level 4 in Fire Magic
  2046 | D:3      | Reached XP level 5. HP: 14/40 MP: 3/9
  2281 | D:3      | HP: 1/40 [orc priest/+0 hand axe (5)]
  2281 | D:3      | Killed from afar by an orc priest

Illustrated notes

Levels and vault maps discovered:
D:1:      saegor_arrival_simple_c, layout_rooms
D:2:      layout_basic, st_stairs_8, nicolae_tso_swordbearing_angel
D:3:      layout_basic, saegor_snake_ambush

Skill      XL: |  1  2  3  4 |
---------------+-------------+-----
Dodging        | 2 |  2.2
Stealth        | 2 |  2.2
Fighting       | 1 |  1.3
Conjurations   | 2 |  2.2
Spellcasting   | 3 |  3.0
Fire Magic     | 4 |  4.0

Action                   |  1- 3 |  4- 6 || total
-------------------------+-------+-------++-------
Melee: Hand axe          |    66 |    23 ||    89
       Tailslap          |     7 |     4 ||    11
 Cast: Foxfire           |    27 |    33 ||    60
  Use: Scroll            |       |     7 ||     7
       Potion            |       |     1 ||     1
 Stab: Sleeping          |     1 |     1 ||     2
Armor: Skin              |    33 |    16 ||    49
Dodge: Dodged            |    63 |    26 ||    89

Table legend: (Time is in decaauts)
 A = Elapsed time spent in this place.
 B = Non-inter-level travel time spent in this place.
 C = Inter-level travel time spent in this place.
 D = Time resting spent in this place.
 E = Time spent auto-exploring this place.
 F = Levels seen in this place.
 G = Mean time per level.
                   A        B        C        D        E       F      G
               +--------+--------+--------+--------+--------+-----+--------+
         Total |   2312 |   2223 |     89 |    654 |    938 |   3 |  770.7 |
       Dungeon |   2312 |   2223 |     89 |    654 |    938 |   3 |  770.7 |
               +--------+--------+--------+--------+--------+-----+--------+

Top non-repeatable levels by time:
     D:2: 1005 daAuts
     D:1: 678 daAuts
     D:3: 627 daAuts
